 Dungeon Crawl Stone Soup version 0.25-a0-589-g1e14c549ee (webtiles) character file.

Game seed: 16986381383569692762, levelgen mode: deterministic

339 Notrik the Skirmisher (level 6, -4/51 HPs)
             Began as a Demonspawn Fighter on Mar 12, 2020.
             Slain by an ogre
             ... wielding a +0 giant spiked club
              (14 damage)
             ... on level 4 of the Dungeon.
             The game lasted 00:04:41 (3214 turns).

Notrik the Skirmisher (Demonspawn Fighter)          Turns: 3214, Time: 00:04:41

Health: -4/51      AC: 10    Str: 18    XL:     6   Next: 29%
Magic:  6/6        EV:  6    Int: 10    God:
Gold:   149        SH: 12    Dex: 12    Spells: 5/5 levels left

rFire    . . .     SeeInvis .   a - +0 war axe
rCold    . . .     Gourm    .   c - +0 kite shield
rNeg     . . .     Faith    .   b - +0 scale mail
rPois    .         Spirit   .   m - +1 helmet
rElec    .         Reflect  .   (no cloak)
rCorr    .         Harm     .   f - +0 pair of gloves
MR       .....                  u - +0 pair of boots
Stlth    ..........             (no amulet)
HPRegen  0.17/turn              (no ring)
MPRegen  0.10/turn              (no ring)

@: drained
A: claws 1, large bone plates 1
a: no special abilities


You were on level 4 of the Dungeon.
You were not hungry.

You visited 1 branch of the dungeon, and saw 4 of its levels.

You collected 149 gold pieces.

Inventory:

Hand Weapons
 a - a +0 war axe (weapon)
Armour
 b - a +0 scale mail (worn)
 c - a +0 kite shield (worn)
 f - a +0 pair of gloves (worn)
   (You found it on level 1 of the Dungeon)
 h - a +1 ring mail of fire resistance
   (You found it on level 1 of the Dungeon)
 m - a +1 helmet (worn)
   (You found it on level 1 of the Dungeon)
 u - a +0 pair of boots (worn)
   (You found it on level 3 of the Dungeon)
Scrolls
 g - 5 scrolls of fear
 i - a scroll of teleportation {unknown}
 j - a scroll of amnesia {unknown}
 l - 3 scrolls of identify {unknown}
 o - a scroll of magic mapping {unknown}
 p - a scroll of fog {unknown}
 r - 2 scrolls of remove curse {@r2}
Potions
 d - a potion of might
 k - a potion of ambrosia {unknown}
 n - a potion of invisibility {unknown}
 q - a potion of flight {unknown}
 t - a potion of stabbing {unknown}
 w - a potion of curing {unknown}
Comestibles
 e - 8 rations {!d}


   Skills:
 + Level 5.4(4.3) Fighting
 + Level 4.5(3.4) Axes
 - Level 2.6(1.6) Armour
 - Level 2.6(1.6) Shields


You had 5 spell levels left.
You didn't know any spells.
Your spell library was empty.

Dungeon Overview and Level Annotations

Branches:
Dungeon (4/15)
 Temple: D:4-7

Altars:
Uskayaw
Zin

Annotations:
D:4 3 runed translucent doors, Jannitor's ghost, amateur VSFi


Innate Abilities, Weirdness & Mutations

You have sharp fingernails.
You are partially covered in large bone plates. (SH +4)


Message History

The arrow closely misses you.
You hear a shout!
Found a fustibalus.
You see here an arrow.
A centaur is nearby!
A centaur is nearby!
An ogre comes into view. It is wielding a +0 giant spiked club.
The ogre shouts!
The centaur shoots an arrow.
The arrow hits you!
A leopard gecko skeleton comes into view.
The centaur shoots an arrow.
The arrow hits you.
You see here 2 arrows.
The centaur unwields a +0 shortbow.
You block the centaur's attack.
You closely miss the centaur. The centaur completely misses you.
The centaur hits you.
You hit the centaur. You block the centaur's attack. x2
You closely miss the centaur.
The centaur hits you but does no damage. x3
You barely miss the centaur.
The centaur hits you but does no damage.
You block the centaur's attack.
You barely miss the centaur. You block the centaur's attack. x2
You hit the centaur. The centaur hits you.
* * * LOW HITPOINT WARNING * * *
The centaur closely misses you.
You slash the centaur!
The centaur hits you but does no damage. x2
The centaur barely misses you.
You hit the centaur.
You kill the centaur!
You have reached level 6!
Your experience leads to an increase in your attributes!
Increase (S)trength, (I)ntelligence, or (D)exterity?
You feel stronger. You block the ogre's attack.
You slash the ogre!
The ogre hits you with a +0 giant spiked club!
* * * LOW HITPOINT WARNING * * *
You hit the ogre but do no damage.
The ogre hits you with a +0 giant spiked club.
* * * LOW HITPOINT WARNING * * *
You hit the ogre but do no damage. The ogre completely misses you.
Your shield prevents you from hitting the ogre.
The ogre barely misses you.
Unknown command.
Your shield and scale mail prevent you from hitting the ogre.
The ogre hits you but does no damage.
You slash the ogre!
The ogre hits you with a +0 giant spiked club!
You die...

#.########.#....
########.########.#####
.......................
########.######.#.####.
#.# #.#.# #. #.# #.#.#
#. #.# #.#.####.
..#######(# #.#.##...
...).ZO@(.# #.#.##.##
..######### #.#.##.##
#.#.##.## #.#. #.#.
#.## #.#. #.## ###.


You could see an ogre and a leopard gecko skeleton.

Vanquished Creatures
  An ogre (D:2)
  A centaur (D:4)
  An orc priest (D:2)
  A hound skeleton (D:4)
  2 adders
  An ooze (D:1)
  4 worms
  4 dart slugs
  A leopard gecko (D:2)
  4 orcs
  4 giant cockroaches
  5 goblins
  15 hobgoblins
  6 jackals
  7 kobolds
  5 quokkas
  2 ball pythons (D:3)
  8 bats
  6 frilled lizards
  A leopard gecko skeleton (D:4)
  13 rats
92 creatures vanquished.

Notes
Turn   | Place    | Note
-------+----------+-------------------------------------------
     0 | D:1      | Notrik the Demonspawn Fighter began the quest for the Orb.
     0 | D:1      | Reached XP level 1. HP: 18/18 MP: 1/1
   261 | D:1      | Gained mutation: You have sharp fingernails. [demonic
                  | ancestry]
   261 | D:1      | Reached XP level 2. HP: 24/24 MP: 2/2
   704 | D:1      | Reached XP level 3. HP: 25/29 MP: 3/3
  1372 | D:2      | Found a hide-covered altar of Uskayaw.
  1377 | D:2      | Noticed a +0 dagger
  1377 | D:2      | Noticed a +0 dagger
  1456 | D:2      | Noticed an ogre
  1464 | D:2      | Killed an ogre
  1464 | D:2      | Reached skill level 4 in Fighting
  1464 | D:2      | Reached XP level 4. HP: 10/38 MP: 4/4
  1464 | D:2      | Gained mutation: You are partially covered in large bone
                  | plates. (SH +4) [demonic ancestry]
  1464 | D:2      | Reached XP level 5. HP: 12/43 MP: 5/5
  2565 | D:3      | Reached skill level 5 in Fighting
  2792 | D:3      | Found a glowing silver altar of Zin.
  3117 | D:4      | Found a runed translucent gate.
  3119 | D:4      | Found a runed translucent gate.
  3120 | D:4      | Found a runed translucent gate.
  3121 | D:4      | Noticed Jannitor's ghost (amateur VSFi)
  3198 | D:4      | Noticed a centaur
  3199 | D:4      | Noticed an ogre
  3208 | D:4      | Killed a centaur
  3208 | D:4      | Reached XP level 6. HP: 24/51 MP: 6/6
  3214 | D:4      | Slain by an ogre

Levels and vault maps discovered:
D:1:      elethiomel_arrival_shortcut, layout_basic
D:2:      layout_loops_ring, dancing_weapons_uskayaw
D:3:      layout_rooms, nicolae_overflow_hidden_temple, lemuel_crystal_altar
D:4:      layout_basic, kennysheep_mini_moat, ashenzari_altar_1,
          gammafunk_ghost_necromancy, grunt_dithmenos_shadows

Skill      XL: |  1  2  3  4  5 |
---------------+----------------+-----
Axes           | 2 3 4 |  4.5
Fighting       | 4 5 |  5.4
Armour         | |  2.6
Shields        | |  2.6

Action                   |  1- 3 |  4- 6 || total
-------------------------+-------+-------++-------
Melee: War axe           |   140 |   154 ||   294
  Use: Scroll            |       |     2 ||     2
  Eat: Chunk             |     2 |     6 ||     8
Armor: Scale mail        |    96 |    87 ||   183
Dodge: Dodged            |    47 |    50 ||    97
Block: Kite shield       |    95 |   129 ||   224

Table legend:
 A = Non-vault XP
 B = Vault XP
 C = Vault XP percentage of total XP
 D = Non-vault monster count
 E = Vault monster count
 F = Vault count percentage of total count
                 A         B        C        D         E       F
            +---------+---------+-------+---------+---------+-------
      Total |     485 |       0 |   0.0 |      92 |       0 |   0.0
            +---------+---------+-------+---------+---------+-------
        D:1 |      60 |       0 |   0.0 |      31 |       0 |   0.0
        D:2 |     226 |       0 |   0.0 |      34 |       0 |   0.0
        D:3 |      66 |       0 |   0.0 |      24 |       0 |   0.0
        D:4 |     133 |       0 |   0.0 |       3 |       0 |   0.0
            +---------+---------+-------+---------+---------+-------
